 Dungeon Crawl Stone Soup version 0.29.0 (webtiles) character file.

Game seed: 6827387898618337876

112218 omnom the Unseen (level 17, -51/108 HPs)
             Began as a Kobold Enchanter on Aug 28, 2022.
             Was the Champion of Wu Jian.
             Killed from afar by Nikola (54 damage)
             ... with an arc of chain lightning
             ... on level 1 of the Shoals.
             The game lasted 01:40:21 (32317 turns).

omnom the Unseen (Kobold Enchanter)                Turns: 32317, Time: 01:40:23

Health: -51/108    AC: 13    Str:  6    XL:     17   Next: 14%
Magic:  18/27      EV: 26    Int: 19    God:    Wu Jian [******]
Gold:   2188       SH:  8    Dex: 26    Spells: 11/30 levels left

rFire   . . .      SeeInvis .   b - +6 rapier (freeze)
rCold   . . .      Faith    .   a - +2 buckler {reflect}
rNeg    . . .      Spirit   .   Z - +1 leather armour "Inossomn" {rElec Stlth+}
rPois   .          Reflect  +   d - +1 hat
rElec   +          Harm     .   q - +1 cloak
rCorr   .          Rampage  .   l - +2 pair of gloves
Will    .....                   w - +2 pair of boots
Stlth   +++++++++.              (no amulet)
HPRegen 0.28/turn               W - +4 ring of slaying
MPRegen 0.20/turn               s - +6 ring of dexterity

@: weak-willed, invisible
A: small, no large weapons, nightstalker 3
a: Renounce Religion, Wall Jump, Serpent's Lash, Heavenly Storm


You were on level 1 of the Shoals.
You worshipped Wu Jian.
Wu Jian was exalted by your worship.
You visited 5 branches of the dungeon, and saw 23 of its levels.
You also visited: Ossuary.

You collected 2581 gold pieces.
You spent 393 gold pieces at shops.

Inventory:

Hand Weapons
 b - a +6 rapier of freezing (weapon)
Missiles
 e - a throwing net
 F - 3 curare-tipped darts
 H - 34 poisoned darts
Armour
 a - a +2 buckler of reflection (worn)
 d - a +1 hat (worn)
 l - a +2 pair of gloves (worn)
 q - a +1 cloak (worn)
 w - a +2 pair of boots (worn)
 I - a +0 leather armour of willpower
 N - a +2 leather armour of positive energy
 O - a +1 leather armour of cold resistance
 Z - the +1 leather armour "Inossomn" (worn) {rElec Stlth+}
   (You bought it in a shop on level 2 of the Orcish Mines)

   rElec:     It insulates you from electricity.
   Stlth:     It makes you more stealthy.
Magical Staves
 r - a staff of conjuration
Jewellery
 m - a ring of see invisible
 s - a +6 ring of dexterity (right hand)
 y - a +6 ring of intelligence
 M - a ring of flight
 W - a +4 ring of slaying (left hand)
 Y - the ring "Ovius" {rPois rF+ Will+}
   (You took it off an orc on level 1 of the Orcish Mines)

   [ring of willpower]

   rF:        It protects you from fire.
   rPois:     It protects you from poison.
   Will:      It increases your willpower.
Wands
 A - a wand of paralysis (2)
 D - a wand of iceblast (2)
 L - a wand of flame (47)
 T - a wand of polymorph (6)
 U - a wand of mindburst (1)
 X - a wand of digging (7)
Scrolls
 f - 3 scrolls of immolation
 g - 5 scrolls of amnesia
 i - a scroll of summoning
 p - 2 scrolls of acquirement {unknown}
 t - 6 scrolls of noise
 x - 4 scrolls of poison
 E - 3 scrolls of vulnerability
 G - a scroll of brand weapon {unknown}
 Q - 4 scrolls of teleportation
 R - 2 scrolls of silence
 S - 4 scrolls of fog
Potions
 c - a potion of invisibility
 h - 3 potions of lignification
 j - 2 potions of might
 k - 6 potions of brilliance
 n - a potion of resistance {unknown}
 o - 8 potions of curing
 u - 4 potions of attraction
 v - 2 potions of flight
 z - 3 potions of cancellation
 B - a potion of experience {unknown}
 C - 2 potions of berserk rage
 V - a potion of mutation {unknown}
Miscellaneous
 K - a phantom mirror
 P - a phial of floods


   Skills:
 + Level 12.4 Fighting
 - Level 14.0 Short Blades
 + Level 13.5 Dodging
 + Level 18.4 Stealth
 - Level 7.0 Spellcasting
 + Level 15.1 Hexes
 * Level 7.4 Translocations
 - Level 5.0 Transmutations
 - Level 3.0 Ice Magic


You had 11 spell levels left.
You knew the following spells:

 Your Spells              Type           Power      Damage    Failure   Level
a - Ensorcelled Hibernat  Hex/Ice        82%        N/A       1%          2
b - Confusing Touch       Hex            59%        N/A       1%          3
c - Tukima's Dance        Hex            59%        N/A       1%          3
d - Dazzling Flash        Conj/Hex       70%        N/A       3%          3
e - Blink                 Tloc           70%        N/A       1%          2
f - Leda's Liquefaction   Hex/Erth       17%        N/A       11%         4
g - Wereblood             Tmut           25%        N/A       4%          2

Your spell library contained the following spells:

 Spells                   Type           Power      Damage    Failure   Level
 Apportation              Tloc           70%        N/A       1%          1
 Portal Projectile        Hex/Tloc       98%        N/A       1%          3
 Beastly Appendage        Tmut           50%        N/A       3%          1
 Fulminant Prism          Conj/Hex       17%        3d11      11%         4
 Metabolic Englaciation   Hex/Ice        20%        N/A       17%         5
 Frozen Ramparts          Ice            36%        1d6       22%         3
 Ozocubu's Armour         Ice            18%        N/A       22%         3
 Foxfire                  Conj/Fire      24%        2x1d5     24%         1
 Magic Dart               Conj           24%        1d4       24%         1
 Necrotise                Necr           24%        1d5       24%         1
 Spider Form              Tmut/Pois      16%        N/A       26%         3
 Manifold Assault         Tloc           35%        N/A       32%         5
 Ice Form                 Ice/Tmut       21%        N/A       43%         4
 Iskenderun's Mystic Bla  Conj/Tloc      20%        2d6       47%         4
 Call Canine Familiar     Summ           6%         N/A       58%         3
 Stone Arrow              Conj/Erth      12%        3d7       58%         3
 Blade Hands              Tmut           12%        N/A       65%         5
 Summon Ice Beast         Ice/Summ       12%        N/A       78%         4
 Animate Armour           Summ/Erth      12%        N/A       94%         4
 Flame Wave               Conj/Fire      6%         2d5       94%         4
 Fireball                 Conj/Fire      3%         3d4       100%        5
 Lee's Rapid Deconstruct  Erth           3%         3d6*      100%        5
 Simulacrum               Ice/Necr       6%         N/A       100%        6
 Starburst                Conj/Fire      3%         6d3       100%        6
 Malign Gateway           Summ/Tloc      10%        N/A       100%        7
 Storm Form               Tmut/Air       8%         N/A       100%        7
 Ignition                 Fire           3%         3d4       100%        8
 Lehudib's Crystal Spear  Conj/Erth      3%         10d2      100%        8


Dungeon Overview and Level Annotations

Branches:
Dungeon (15/15)            Temple (1/1) D:7            Lair (4/5) D:10
 Shoals (1/4) Lair:2        Snake (0/4) Lair:2        Slime (0/5) Lair:4
    Orc (2/2) D:10            Elf (0/3) Orc:2        Vaults (0/5) D:14
 Depths (0/4) D:15        Ossuary (visited)

Altars:
Ashenzari
Cheibriados
Dithmenos
Elyvilon
Fedhas
Gozag
Hepliaklqana
Kikubaaqudgha
Makhleb
Nemelex Xobeh
Okawaru
Qazlal
Ru
Sif Muna
Trog
Uskayaw
Vehumet
Wu Jian
Xom
Yredelemnul
Zin
The Shining One
Jiyva

Shops:
D:10 *   Orc:1 [?(*[   Orc:2 *[=:

Portals:
Trove: D:12 (give 2 scrolls of acquirement)

Annotations:
D:13 Kirke
Shoals:1 Nikola


Innate Abilities, Weirdness & Mutations

You are small and have problems with some larger weapons.
You are completely attuned to the shadows.


Message History

The bolt of lightning hits the harpy!!
The bolt of lightning hits Nikola!
You hear a shout! x4; You hear an angry hiss.
Unknown command.
You puncture the harpy! You freeze the harpy.
You kill the harpy!
The Council accepts your kill. Nikola raves, "Can you feel it? Can you feel it?
CAN YOU FEEL IT?"
Nikola casts a spell.
Lightning arcs from Nikola's hands!
The bolt of lightning hits you!!! You resist.
Ouch! That really hurt!
* * * LOW HITPOINT WARNING * * *
A bolt of lightning appears from out of thin air!
The bolt of lightning hits Nikola!
You hear a shout! x2
Okay, then.
Okay, then.
Okay, then.
Okay, then.
Okay, then.
You fade into invisibility!
Casting: Dazzling Flash (mildly dangerous; 3% risk of failure)
Confirm with . or Enter, or press ? or * to list all spells.
Aiming: Ensorcelled Hibernation (safe; 1% risk of failure)
Press: ? - help, Shift-Dir - straight line, f/p - Nikola
Aim: Nikola, wielding a +1 rapier of electrocution, wearing a +0 cloak and wearing a +1 pair of gloves (lightly wounded, chance to affect: 2%)
Okay, then.
Press: ? - help, v - describe, . - travel
Here: Nikola, wielding a +1 rapier of electrocution, wearing a +0 cloak and wearing a +1 pair of gloves (lightly wounded)
The floor, spattered with blood.
Okay, then.
Okay, then.
Really read the scroll of vulnerability?
As you read the scroll of vulnerability, it crumbles to dust.
Magic quickly surges around you.
Nikola gestures wildly while chanting.
Lightning arcs from Nikola's hands!
The bolt of lightning hits you!!! You resist.
Ouch! That really hurt!
You die...

#.~≈P~~~P...~≈ ##
##.~≈~~~~~...~~
...#####..~≈~~.~~....~
......#...P~~P~......~
~~~..P..~~~≈≈~PP..##^.
~~~~)~..P~P~~~.P..##..
~~~~~PP~PPP~~. .......
~~~..P~~~~~~. ......
...##@†..~.. #.... ~?.
##@.... ##..~. P~ .P##
...†.~ ...# .....~
.... ...... .~~...
.~~~~. ~~ ~


You could see Nikola (weak-willed).

Vanquished Creatures
  Agnes (D:14)
  3 orc warlords (Orc:1)
  A stone giant (D:15)
  A fire dragon (D:15)
  2 boulder beetles
  4 hydras
  5 ogre magi
  An ice dragon (D:14)
  22 two-headed ogres
  7 centaur warriors
  4 tengu warriors
  3 death yaks
  An orc high priest (Orc:2)
  A soul eater (D:13)
  16 skeletal warriors
  2 sixfirhies
  A flayed ghost (D:12)
  3 sea snakes (Shoals:1)
  2 orc knights (Orc:1)
  2 deep elf pyromancers
  5 harpies (Shoals:1)
  10 ugly things
  9 manticores
  A merfolk siren (Shoals:1)
  2 cyclopes
  Joseph (D:8)
  2 black mambas (Lair:2)
  7 elephants
  2 torpor snails
  13 cane toads
  An orange demon (D:13)
  A kobold demonologist (D:11)
  2 unseen horrors (D:13)
  3 freezing wraiths
  An ice devil (D:13)
  A rime drake (Lair:1)
  10 komodo dragons
  2 hellwings (D:13)
  2 tengu conjurers
  A red devil (D:13)
  6 trolls
  2 merfolk (Shoals:1)
  A hornet (D:9)
  2 wind drakes
  3 polar bears (Lair:1)
  12 slime creatures (D:12)
  19 blink frogs
  A snapping turtle (Shoals:1)
  19 dream sheep
  5 shadows
  Eustachio (D:6)
  3 hogs
  27 yaks
  3 vampires
  8 wraiths
  4 wyverns
  13 fire bats (D:12)
  9 basilisks
  The ghost of L4yla the Chiller, an amateur NaIE (D:4)
  10 vampire mosquitoes
  A dancing weapon (D:6)
  5 wargs (Orc:1)
  A steam dragon (Lair:2)
  A chaos spawn (D:13)
  A neqoxec (D:13)
  A naga (Lair:2)
  2 acid dragons
  15 water moccasins
  29 orc warriors
  A black bear (Lair:1)
  A black bear (shapeshifter) (D:14)
  36 ogres
  17 centaurs
  2 phantoms
  4 kobold brigands
  15 bullfrogs
  8 necrophages
  A gnoll sergeant (D:13)
  A scorpion (D:5)
  2 wights (D:6)
  8 killer bees
  A howler monkey (D:5)
  A hound (D:4)
  Crazy Yiuf (D:3)
  12 orc priests
  3 gnoll boudas
  A human zombie (Ossuary)
  2 jellies
  16 orc wizards
  2 mummies (Ossuary)
  15 adders
  21 gnolls
  A shadow imp (D:7)
  2 ufetubi
  An adder zombie (Ossuary)
  A worm (D:2)
  91 orcs
  6 endoplasms
  4 giant cockroaches
  6 goblins
  5 hobgoblins
  3 jackals (D:2)
  21 kobolds
  3 quokkas
  6 ball pythons
  56 bats
  2 frilled lizards
  A goblin zombie (Ossuary)
  7 hobgoblin zombies (Ossuary)
  5 jackal zombies (Ossuary)
  10 kobold zombies (Ossuary)
  11 orc zombies (Ossuary)
  5 rats
781 creatures vanquished.

Vanquished Creatures (collateral kills)
  2 two-headed ogres
  A naga (Lair:2)
  3 orc warriors
  An ogre (Orc:2)
  2 centaurs (D:9)
  A gnoll sergeant (D:9)
  A wight (D:6)
  2 orc priests
  2 orc wizards
  2 gnolls
  10 orcs
  A kobold (D:7)
28 creatures vanquished.

Vanquished Creatures (others)
  A two-headed ogre (D:9)
  22 dancing weapons
  An orc (Orc:2)
  4 demonic plants (D:13)
  22 fungi
  58 plants
108 creatures vanquished.

Grand Total: 917 creatures vanquished

Notes
Turn   | Place    | Note
-------+----------+-------------------------------------------
     0 | D:1      | omnom the Kobold Enchanter began the quest for the Orb.
     0 | D:1      | Reached XP level 1. HP: 10/10 MP: 3/3
    93 | D:1      | Found a faded altar of an unknown god.
   109 | D:1      | Reached XP level 2. HP: 15/15 MP: 5/5
   556 | D:2      | Reached XP level 3. HP: 19/19 MP: 6/6
   563 | D:2      | Learned a level 2 spell: Ensorcelled Hibernation
   567 | D:2      | Learned a level 3 spell: Confusing Touch
   979 | D:2      | Reached XP level 4. HP: 17/24 MP: 7/7
  1507 | D:3      | Reached XP level 5. HP: 13/28 MP: 6/9
  2340 | D:3      | Found a runed translucent door.
  2343 | D:3      | Noticed Crazy Yiuf
  2348 | D:3      | Killed Crazy Yiuf
  2349 | D:3      | Reached skill level 5 in Stealth
  2544 | D:4      | You fall into a shaft and drop 1 floor!
  2544 | D:5      | Entered Level 5 of the Dungeon
  2591 | D:5      | Learned a level 3 spell: Tukima's Dance
  2597 | D:5      | Noticed an ogre
  2631 | D:5      | Found a sand-covered staircase.
  2639 | Ossuary  | Entered an ossuary
  2655 | Ossuary  | Reached XP level 6. HP: 32/32 MP: 10/10
  3216 | D:5      | Learned a level 3 spell: Dazzling Flash
  3270 | D:5      | Reached skill level 5 in Hexes
  3456 | D:5      | Noticed an ogre
  3459 | D:5      | Killed an ogre
  3460 | D:5      | Reached XP level 7. HP: 37/37 MP: 12/12
  3540 | D:5      | Reached skill level 1 in Fighting
  3540 | D:5      | Reached skill level 6 in Stealth
  3937 | D:4      | Found a runed translucent door.
  3940 | D:4      | Noticed L4yla's ghost (amateur NaIE)
  4024 | D:4      | Noticed a water moccasin
  4279 | D:5      | Reached XP level 8. HP: 44/44 MP: 12/14
  4334 | D:6      | Got the Papyrus of the Arsonist and Coordinates
  4358 | D:6      | Reached skill level 5 in Short Blades
  4663 | D:6      | Reached skill level 7 in Stealth
  4780 | D:6      | Noticed Eustachio
  4787 | D:6      | Killed Eustachio
  4821 | D:6      | Found a burning altar of Makhleb.
  5526 | D:6      | Reached skill level 5 in Spellcasting
  5526 | D:6      | Reached XP level 9. HP: 48/48 MP: 12/16
  5598 | D:6      | Learned a level 2 spell: Blink
  6043 | D:7      | Reached skill level 1 in Translocations
  6044 | D:7      | Found a staircase to the Ecumenical Temple.
  6056 | D:7      | Reached skill level 8 in Stealth
  6072 | Temple   | Entered the Ecumenical Temple
  6469 | Temple   | Became a worshipper of the Wu Jian Council
  7042 | D:7      | Found a shadowy altar of Dithmenos.
  7414 | D:8      | Noticed Joseph
  7420 | D:8      | Killed Joseph
  7420 | D:8      | Reached * piety under Wu Jian
  7458 | D:8      | Reached XP level 10. HP: 56/56 MP: 17/17
  7755 | D:8      | Reached skill level 9 in Stealth
  8141 | D:9      | Found a basalt altar of Yredelemnul.
  8499 | D:9      | Noticed a manticore
  8501 | D:9      | Noticed a two-headed ogre
  8515 | D:9      | Killed a two-headed ogre
  8516 | D:9      | Reached skill level 10 in Stealth
  9035 | D:9      | Noticed a two-headed ogre
  9347 | D:9      | Reached skill level 10 in Hexes
  9352 | D:9      | Paralysed by a hornet for 1 turns
  9618 | D:9      | Killed a two-headed ogre
  9619 | D:9      | Reached XP level 11. HP: 56/61 MP: 4/18
  9914 | D:9      | Killed a manticore
  9915 | D:9      | Reached skill level 11 in Stealth
 10107 | D:9      | Reached skill level 10 in Short Blades
 10198 | D:9      | Reached ** piety under Wu Jian
 10565 | D:9      | Found a broken altar of Ashenzari.
 10637 | D:10     | Entered Level 10 of the Dungeon
 10789 | D:10     | Found a staircase to the Lair.
 11047 | D:10     | Found Waahikao's Overcharged Wands.
 11282 | D:10     | Found a sacrificial altar of Ru.
 11285 | D:10     | Reached skill level 5 in Fighting
 11688 | D:10     | Found a staircase to the Orcish Mines.
 11776 | Lair:1   | Entered Level 1 of the Lair of Beasts
 11782 | Lair:1   | Learned a level 4 spell: Leda's Liquefaction
 11813 | Lair:1   | Reached *** piety under Wu Jian
 11832 | Lair:1   | Reached skill level 12 in Stealth
 12485 | Lair:1   | Reached XP level 12. HP: 70/70 MP: 19/19
 13148 | Lair:2   | Reached skill level 5 in Dodging
 13298 | Lair:2   | Noticed a four-headed hydra
 13316 | Lair:2   | Killed a four-headed hydra
 13433 | Lair:2   | Reached **** piety under Wu Jian
 13434 | Lair:2   | Reached skill level 13 in Stealth
 13482 | Lair:2   | Noticed a five-headed hydra
 13979 | Lair:2   | Killed a five-headed hydra
 14042 | Lair:2   | Found a staircase to the Snake Pit.
 14163 | Lair:2   | Found a staircase to the Shoals.
 14375 | Lair:2   | Reached XP level 13. HP: 76/76 MP: 20/20
 14591 | Lair:2   | Found the +8 whip "Snakebite" {venom, curare, rPois}
 15610 | Lair:3   | Reached skill level 14 in Stealth
 16292 | Lair:3   | Reached ***** piety under Wu Jian
 16970 | Lair:3   | Reached skill level 1 in Ice Magic
 17033 | Lair:3   | Noticed a four-headed hydra
 17036 | Lair:3   | Killed a four-headed hydra
 17496 | Lair:4   | Found a viscous altar of Jiyva.
 17497 | Lair:4   | Found a staircase to the Slime Pits.
 17617 | Lair:4   | Reached XP level 14. HP: 84/84 MP: 22/22
 17841 | Lair:4   | Reached skill level 15 in Stealth
 18379 | Orc:1    | Entered Level 1 of the Orcish Mines
 18408 | Orc:1    | Found Ytis's Armour Shop.
 18469 | Orc:1    | Found Tecrumud's General Store.
 18473 | Orc:1    | Bought a potion of heal wounds for 80 gold pieces
 18608 | D:4      | Killed L4yla's ghost
 18782 | Orc:1    | Found Zocraet's Weapon Emporium.
 18796 | Orc:1    | Noticed an orc warlord
 18816 | Orc:1    | Killed an orc warlord
 19155 | Orc:1    | Found Zoiriq's Antique Armour Emporium.
 19168 | Orc:1    | Reached skill level 10 in Dodging
 19184 | Orc:1    | Found Suphaem's Magic Scroll Shop.
 19189 | Orc:1    | Bought a scroll of identify for 26 gold pieces
 19189 | Orc:1    | Bought a scroll of teleportation for 39 gold pieces
 19190 | Orc:1    | Bought a scroll of identify for 26 gold pieces
 19190 | Orc:1    | Bought a scroll of identify for 26 gold pieces
 19556 | Orc:1    | Identified the +0 chain mail of Pride {*Slow rC+ Will++
                  | Slay+3}
 19679 | Orc:1    | Noticed an orc warlord
 19688 | Orc:1    | Identified the ring "Ovius" {rPois rF+ Will+}
 19996 | Orc:1    | Killed an orc warlord
 20139 | Orc:1    | Noticed an orc warlord
 20153 | Orc:1    | Killed an orc warlord
 20372 | Orc:1    | Identified the +5 shortbow of Ohujoguri {freeze, Fragile
                  | rPois rN++ rCorr}
 20575 | Orc:2    | Entered Level 2 of the Orcish Mines
 20606 | Orc:2    | Found a staircase to the Elven Halls.
 21529 | Orc:2    | Reached skill level 1 in Transmutations
 22307 | Orc:2    | Reached skill level 5 in Translocations
 22455 | Orc:2    | Reached XP level 15. HP: 63/92 MP: 1/25
 22460 | Orc:2    | Reached ****** piety under Wu Jian
 23000 | Orc:2    | Reached skill level 10 in Fighting
 23098 | Orc:2    | Reached skill level 16 in Stealth
 23480 | Orc:2    | Found Bossoidee's Book Emporium.
 23480 | Orc:2    | Found Kiupunun's Antique Armour Boutique.
 23481 | Orc:2    | Found Wumpun's Jewellery Boutique.
 23481 | Orc:2    | Found Lesac's Assorted Antiques.
 23488 | Orc:2    | Learned a level 2 spell: Wereblood
 23490 | Orc:2    | Bought an amethyst-encrusted leather armour for 196 gold
                  | pieces
 23490 | Orc:2    | Identified the +1 leather armour "Inossomn" {rElec Stlth+}
                  | (You bought it in a shop on level 2 of the Orcish Mines)
 25643 | D:12     | Found a portal to a secret trove of treasure.
 25926 | D:12     | Found a runed translucent door.
 25930 | D:12     | Found a stormy altar of Qazlal.
 25962 | D:12     | Found an opulent altar of Gozag.
 26005 | D:12     | Found a shimmering altar of Xom.
 26029 | D:12     | Found a shimmering blue altar of Sif Muna.
 26091 | D:12     | Found a hazy altar of Hepliaklqana.
 26175 | D:12     | Got Sif Muna's Spellcraft, Part One
 26178 | D:12     | Identified the +2 double sword "Saorhei" {vorpal, Fly rN++
                  | Str-4 SInv}
 26197 | D:12     | Found a basalt altar of Yredelemnul.
 26413 | D:13     | Reached skill level 5 in Transmutations
 27002 | D:13     | Reached skill level 17 in Stealth
 27049 | D:12     | HP: 2/94 [sixfirhy (4)]
 27061 | D:12     | Reached XP level 16. HP: 33/100 MP: 4/26
 28377 | D:13     | Noticed Kirke
 29382 | D:14     | Noticed Agnes
 29384 | D:14     | Killed Agnes
 30144 | D:14     | Found a gate to the Vaults.
 30231 | D:14     | Found an ancient bone altar of Kikubaaqudgha.
 30269 | D:15     | Entered Level 15 of the Dungeon
 30464 | D:15     | Found a shimmering altar of Xom.
 30464 | D:15     | Found a shimmering altar of Xom.
 30464 | D:15     | Found a shimmering altar of Xom.
 30465 | D:15     | Found a shimmering altar of Xom.
 30477 | D:15     | Found a shimmering altar of Xom.
 30816 | D:15     | Reached skill level 18 in Stealth
 31634 | D:15     | Found a staircase to the Depths.
 31769 | D:15     | Reached skill level 15 in Hexes
 31999 | Shoals:1 | Entered Level 1 of the Shoals
 32047 | Shoals:1 | Reached XP level 17. HP: 106/106 MP: 25/27
 32308 | Shoals:1 | Noticed Nikola
 32315 | Shoals:1 | HP: 2/108 [Nikola/arc of chain lightning (71)]
 32317 | Shoals:1 | Killed from afar by Nikola

Illustrated notes

Levels and vault maps discovered:
D:1:      dpeg_arrival_windows_large_door, layout_rooms,
          hellmonk_ecumenical_altar_blasted
D:2:      layout_loops_ring, grunt_ministairs_1
D:3:      layout_rooms, patterned_corridor, uniq_crazy_yiuf_cottage
D:4:      layout_rooms, ebering_ghost_inner_flame
D:5:      layout_cave_pools, nicolae_ossuary_entry_monument, roderic_lattice_a
D:6:      layout_basic, mainiacjoe_overflow_tiny_flanked,
          serial_co_window_serial, co_window_of_opportunity_a,
          co_window_of_opportunity_a, co_window_corner_a, co_window_paths_a,
          co_window_paths_b, co_window_corner_a, co_window_unsneaky_path_d,
          co_window_of_opportunity_b, co_window_unsneaky_path_d,
          co_window_unsneaky_path_b, co_window_broadway_a, co_window_cross_4,
          co_window_sun, glass_columns_c, uniq_eustachio
D:7:      layout_rooms, mainiacjoe_overflow_paths,
          minmay_temple_entry_junction_2
D:8:      layout_cave_pods, uniq_joseph
D:9:      hangedman_cross_stitches, layout_stronghold, mainiacjoe_overflow_swirl
D:10:     layout_long_grid, kennysheep_little_box, erik_lair_dragon,
          hiddenorc1_lemuel, nicolae_shop_overcharged_wands
D:11:     layout_loops_ring, minivault_19, hangedman_decor_peaks_small
D:12:     due_megacathedral, layout_basic, nicolae_trove_entry_isolated
D:13:     layout_gridville, serial_demonic, serial_demonic_g, serial_demonic_e,
          serial_demonic_b, serial_demonic_f, minivault_23, uniq_kirke
D:14:     layout_roguey, david_vaults_4, grunt_ogre_cave,
          kiku_gazebo_pond_becter, uniq_agnes
D:15:     grunt_enter_depths_snipers, layout_rooms, xom_redecorated
Temple:   bh_familiar_temple
Lair:1:   layout_regular_city, cheibrodos_lair_lostbears
Lair:2:   minmay_guarded_unrand_snakebite, layout_hall_layers,
          minmay_shoals_entry_beasts, guppyfry_snake_entry_garden,
          roderic_carrion_pond, grunt_megastairs_3
Lair:3:   layout_cave_pods
Lair:4:   layout_misc_corridors, slime_entry_1, grunt_megastairs_2
Shoals:1: layout_shoals, nicolae_shoals_shepherds, uniq_nikola, uniq_josephine
Orc:1:    layout_diamond_mine, serial_shops, shop, shop,
          nicolae_shop_hallway_plus, nicolae_shop_statue_plus, shop,
          minmay_orc_treasury
Orc:2:    st_orc_ogre_mass, layout_caves

Skill      XL: |  1  2  3  4  5  6  7  8  9 10 11 12 13 14 15 16 |
---------------+-------------------------------------------------+-----
Short Blades   | 2 3 4 6 7 9 11 12 13 14 | 14.0
Hexes          | 4 5 7 8 10 11 12 13 14 15 | 15.1
Stealth        | 5 6 7 8 10 12 13 14 15 17 18 | 18.4
Spellcasting   | 3 4 5 6 7 |  7.0
Fighting       | 1 2 3 4 6 7 8 9 11 12 | 12.4
Translocations | 2 3 4 5 7 |  7.4
Dodging        | 3 7 9 10 12 13 | 13.5
Ice Magic      | 1 3 |  3.0
Transmutations | 2 5 |  5.0

Action                   |  1- 3 |  4- 6 |  7- 9 | 10-12 | 13-15 | 16-18 || total
-------------------------+-------+-------+-------+-------+-------+-------++-------
Melee: Dagger            |    63 |   202 |    86 |   165 |       |       ||   516
       Punch             |     1 |     3 |     4 |     1 |    11 |     2 ||    22
       Rapier            |       |       |    45 |   169 |   891 |   301 ||  1406
       Unarmed           |       |       |       |       |       |     1 ||     1
Throw: Boomerang         |       |       |       |       |     2 |       ||     2
 Cast: Ensorcelled Hiber |       |     9 |    18 |    45 |    72 |    33 ||   177
       Confusing Touch   |       |     2 |     4 |     2 |    13 |     4 ||    25
       Tukima's Dance    |       |       |    12 |    24 |   103 |     7 ||   146
       Dazzling Flash    |       |       |     4 |    28 |    58 |    15 ||   105
       Blink             |       |       |     1 |     4 |    13 |     4 ||    22
       Wereblood         |       |       |       |       |     7 |       ||     7
       Leda's Liquefacti |       |       |       |       |     2 |     8 ||    10
Invok: Lunge             |       |       |     9 |    63 |    98 |    52 ||   222
       Whirlwind         |       |       |       |    12 |    50 |     9 ||    71
       Serpent's Lash    |       |       |       |       |     5 |     4 ||     9
 Abil: Wall Jump         |       |       |       |     2 |     2 |       ||     4
Evoke: Wand              |       |       |       |       |     1 |     6 ||     7
       Phantom mirror    |       |       |       |       |     1 |     1 ||     2
  Use: Potion            |       |     1 |     2 |     2 |     2 |     4 ||    11
       Scroll            |       |     3 |     4 |    11 |    10 |    12 ||    40
 Stab: Sleeping          |    15 |    26 |    31 |    63 |    92 |    62 ||   289
       Invisible         |       |     2 |     3 |    22 |    41 |    14 ||    82
       Confused          |       |     1 |     3 |     2 |    10 |     4 ||    20
       Distracted        |       |       |       |    13 |     7 |     1 ||    21
       Fleeing           |       |       |       |       |     1 |       ||     1
Armor: Robe              |    13 |    46 |    23 |       |       |       ||    82
       Leather armour    |       |       |     1 |    54 |    62 |    26 ||   143
Dodge: Dodged            |    52 |   148 |    99 |   170 |   525 |   137 ||  1131
Block: Buckler           |       |       |       |       |       |    43 ||    43
       Reflection        |       |       |       |       |       |     2 ||     2
